 Dungeon Crawl Stone Soup version 0.27-a0-1154-gfdeffcb720 (webtiles) character file.

Game seed: 13421127242947909870

3856 Barazal the Geomancer (level 10, -9/56 HPs)
             Began as a Gargoyle Earth Elementalist on May 14, 2021.
             Was a Believer of Vehumet.
             Mangled by a small abomination (13 damage)
             ... on level 2 of the Abyss.
             The game lasted 00:17:36 (10553 turns).

Barazal the Geomancer (GrEE)                       Turns: 10553, Time: 00:17:36

Health: -9/56      AC: 12    Str: 13    XL:     10   Next: 18%
Magic:  15/28      EV: 12    Int: 18    God:    Vehumet [**....]
Gold:   1012       SH:  0    Dex: 10    Spells: 13/22 levels left

rFire    . . .     SeeInvis .   k - +2 flail (drain)
rCold    . . .     Faith    .   (no shield)
rNeg     + . .     Spirit   .   c - +0 robe
rPois    ∞         Reflect  .   (no helmet)
rElec    +         Harm     .   r - +2 cloak
rCorr    .         Rampage  .   (no gloves)
Will     .....                  (no boots)
Stlth    ++........             (no amulet)
HPRegen  0.18/turn              a - ring of magical power
MPRegen  0.21/turn              m - ring of wizardry

@: no status effects
A: sickness immunity, AC +7, negative energy resistance 1, electricity
resistance, torment resistance 1, petrification resistance
a: Renounce Religion


You were on level 2 of the Abyss.
You worshipped Vehumet.
Vehumet was pleased with you.
You visited 2 branches of the dungeon, and saw 8 of its levels.
You visited the Abyss 1 time.
You also visited: Ossuary.

You collected 1012 gold pieces.

Inventory:

Hand Weapons
 k - a +2 flail of draining (weapon)
 z - a +3 flail of protection
Missiles
 b - 73 stones
 q - 3 atropa-tipped darts
Armour
 c - a +0 robe (worn)
 r - a +2 cloak (worn)
Jewellery
 a - a ring of magical power (left hand)
 m - a ring of wizardry (right hand)
 w - a ring of see invisible
 A - an amulet of the acrobat
Wands
 l - a wand of digging (5)
 n - a wand of acid (12)
 p - a wand of flame (28)
 x - a wand of iceblast (14)
 B - a wand of charming (6)
Scrolls
 i - 2 scrolls of blinking
 o - 3 scrolls of magic mapping
 v - a scroll of immolation
 y - a scroll of enchant weapon
Potions
 d - 5 potions of lignification
 e - a potion of magic
 f - 5 potions of curing
 g - 2 potions of heal wounds
 h - 2 potions of brilliance
 j - 3 potions of might
 s - a potion of resistance
 u - 4 potions of haste


   Skills:
 + Level 3.6 Fighting
 + Level 3.5 Maces & Flails
 + Level 3.8 Armour
 + Level 3.3 Dodging
 - Level 2.1 Stealth
 + Level 6.6 Spellcasting
 + Level 7.1 Conjurations
 - Level 0.7 Transmutations
 + Level 9.0 Earth Magic
 + Level 3.0 Evocations


You had 13 spell levels left.
You knew the following spells:

 Your Spells              Type           Power      Damage    Failure   Level
a - Sandblast             Erth           76%        2d16      1%          1
b - Stone Arrow           Conj/Erth      70%        3d11      1%          3
c - Lee's Rapid Deconstr  Erth           19%        3d12*     3%          5

Your spell library contained the following spells:

 Spells                   Type           Power      Damage    Failure   Level
 Shock                    Conj/Air       72%        1d7       1%          1
 Passwall                 Tmut/Erth      19%        N/A       1%          2
 Dazzling Flash           Conj/Hex       36%        N/A       3%          3
 Corona                   Hex            5%         N/A       4%          1
 Summon Small Mammal      Summ           20%        N/A       4%          1
 Petrify                  Tmut/Erth      23%        N/A       6%          4
 Call Imp                 Summ           5%         N/A       7%          2
 Ensorcelled Hibernation  Hex/Ice        10%        N/A       7%          2
 Call Canine Familiar     Summ           5%         N/A       14%         3
 Confusing Touch          Hex            5%         N/A       14%         3
 Summon Guardian Golem    Hex/Summ       5%         N/A       14%         3
 Tukima's Dance           Hex            5%         N/A       14%         3
 Summon Ice Beast         Ice/Summ       5%         N/A       41%         4
 Summon Lightning Spire   Summ/Air       5%         N/A       41%         4


Dungeon Overview and Level Annotations

Branches:
Dungeon (7/15)             Temple (1/1) D:4         Ossuary (visited)

Altars:
Ashenzari
Cheibriados
Dithmenos
Elyvilon
Fedhas
Gozag
Hepliaklqana
Kikubaaqudgha
Makhleb
Nemelex Xobeh
Okawaru
Qazlal
Ru
Sif Muna
Uskayaw
Vehumet
Xom
Yredelemnul
Zin
The Shining One

Shops:
D:2 (   D:4 [


Innate Abilities, Weirdness & Mutations

You are immune to sickness and miasma.
Your stone body is resilient. (AC +7)
You are immune to poison.
You resist negative energy. (rN+)
You are resistant to electric shocks. (rElec)
You are resistant to unholy torment.
You are immune to petrification.


Message History

Unknown command.
Casting: Sandblast (safe; 1% risk of failure)
Confirm with . or Enter, or press ? or * to list all spells.
Aiming: Sandblast (safe; 1% risk of failure)
Press: ? - help, Shift-Dir - straight line, f/p - small abomination
Aim: a small abomination (lightly damaged, 82% to hit)
The blast of sand hits the small abomination.
The small abomination is moderately damaged.
The small abomination closely misses you.
Casting: Sandblast (safe; 1% risk of failure)
Confirm with . or Enter, or press ? or * to list all spells.
Aiming: Sandblast (safe; 1% risk of failure)
Press: ? - help, Shift-Dir - straight line, f/p - small abomination
Aim: a small abomination (moderately damaged, 82% to hit)
The blast of sand hits the small abomination but does no damage.
The small abomination is moderately damaged.
The small abomination hits you.
* * * LOW HITPOINT WARNING * * *
The small abomination hits you but does no damage.
Casting: Sandblast (safe; 1% risk of failure)
Confirm with . or Enter, or press ? or * to list all spells.
Aiming: Stone Arrow (safe; 1% risk of failure)
Press: ? - help, Shift-Dir - straight line, f/p - small abomination
Aim: a small abomination (moderately damaged, 74% to hit)
The stone arrow hits the small abomination!
The small abomination is almost destroyed.
The small abomination misses you.
The small abomination closely misses you.
The small abomination hits you.
* * * LOW HITPOINT WARNING * * *
Casting: Stone Arrow (safe; 1% risk of failure)
Confirm with . or Enter, or press ? or * to list all spells.
Aiming: Stone Arrow (safe; 1% risk of failure)
Press: ? - help, Shift-Dir - straight line, f/p - small abomination
Aim: a small abomination (almost destroyed, 74% to hit)
The stone arrow hits the small abomination!
You destroy the small abomination!
Vehumet accepts your kill. The small abomination hits you!
You die...

.#.#...#.#
#..#......
#......... ....#..
.#. #######.#...
.. #.........# .
.........## .
#.....@x.# ##
......(....# ..##
................
..
......#.....#.....
................#.
..###'###...#..##
. ... #...#.## #.⌠
...# ( +. ..#. ..


You could see a small abomination.

Vanquished Creatures
  A tormentor (Abyss:2)
  A yak (D:6)
  A small abomination (Abyss:2)
  3 vampire mosquitoes (D:7)
  A steam dragon (D:7)
  Menkaure (Ossuary)
  Edmund (D:6)
  A water moccasin (D:7)
  2 sky beasts (D:7)
  An ice beast (D:6)
  2 black bears
  3 ogres
  4 centaurs
  A phantom (D:5)
  A bullfrog (D:7)
  2 elf zombies (Ossuary)
  2 scorpions
  A wyvern skeleton (D:7)
  A water moccasin skeleton (D:4)
  A howler monkey (D:6)
  A bullfrog zombie (D:6)
  4 centaur zombies
  2 orc priests
  5 hounds
  A centaur skeleton (D:7)
  Crazy Yiuf (D:6)
  Jessica (D:3)
  Ijyb (D:3)
  5 iguanas
  2 orc wizards
  3 ogre zombies (Ossuary)
  6 mummies (Ossuary)
  11 gnolls
  3 adders
  2 white imps (D:7)
  4 adder zombies (Ossuary)
  5 dart slugs
  17 orcs
  9 ball pythons
  3 bats
  10 endoplasms
  4 giant cockroaches
  6 goblins
  7 hobgoblins
  5 jackals
  3 quokkas
  7 frilled lizards
  4 goblin zombies (Ossuary)
  A hobgoblin zombie (Ossuary)
  6 kobolds
  3 kobold zombies (Ossuary)
  2 orc zombies (Ossuary)
  6 quokka zombies (Ossuary)
  5 rats
  3 rat zombies (Ossuary)
189 creatures vanquished.

Vanquished Creatures (others)
  An orc (D:7)
1 creature vanquished.

Grand Total: 190 creatures vanquished

Notes
Turn   | Place    | Note
-------+----------+-------------------------------------------
     0 | D:1      | Barazal the Gargoyle Earth Elementalist began the quest for
                  | the Orb.
     0 | D:1      | Reached XP level 1. HP: 10/10 MP: 3/3
   241 | D:1      | Reached XP level 2. HP: 15/15 MP: 5/5
   258 | D:1      | Reached skill level 4 in Earth Magic
   347 | D:1      | Found a faded altar of an unknown god.
  1195 | D:2      | Reached XP level 3. HP: 16/19 MP: 6/6
  1199 | D:2      | Learned a level 3 spell: Stone Arrow
  1603 | D:2      | Found Zuroerr's Antique Weapon Emporium.
  1691 | D:2      | Reached skill level 1 in Conjurations
  1691 | D:2      | Reached XP level 4. HP: 24/24 MP: 8/8
  1862 | D:2      | Noticed an ogre
  1867 | D:2      | Killed an ogre
  1868 | D:2      | Reached skill level 5 in Earth Magic
  1868 | D:2      | Reached XP level 5. HP: 28/28 MP: 10/10
  1915 | D:2      | Learned a level 5 spell: Lee's Rapid Deconstruction
  2711 | D:3      | Noticed Ijyb
  2712 | D:3      | Identified a scroll of acquirement
  2712 | D:3      | Acquired 519 gold pieces
  2716 | D:3      | Killed Ijyb
  3179 | D:3      | Noticed Jessica
  3189 | D:3      | Killed Jessica
  3190 | D:3      | Reached XP level 6. HP: 14/32 MP: 11/11
  3745 | D:4      | Found Viopaist's Armour Shoppe.
  4045 | D:4      | Found a staircase to the Ecumenical Temple.
  4051 | Temple   | Entered the Ecumenical Temple
  4265 | D:4      | Reached skill level 6 in Earth Magic
  4422 | D:4      | Noticed a black bear
  4426 | D:4      | Killed a black bear
  4427 | D:4      | Reached XP level 7. HP: 36/36 MP: 13/13
  4694 | D:4      | Found a broken altar of Ashenzari.
  4701 | D:4      | Found a hide-covered altar of Uskayaw.
  4701 | D:4      | Found an ancient bone altar of Kikubaaqudgha.
  4701 | D:4      | Found a shimmering blue altar of Sif Muna.
  4702 | D:4      | Found a radiant altar of Vehumet.
  4703 | D:4      | Found a snail-covered altar of Cheibriados.
  4704 | D:4      | Found an opulent altar of Gozag.
  4712 | D:4      | Became a worshipper of Vehumet
  4996 | D:5      | Entered Level 5 of the Dungeon
  5154 | D:5      | Found a sand-covered staircase.
  5164 | Ossuary  | Entered an ossuary
  5319 | Ossuary  | Reached skill level 7 in Earth Magic
  5501 | Ossuary  | Reached skill level 5 in Spellcasting
  5995 | Ossuary  | Reached skill level 5 in Conjurations
  5995 | Ossuary  | Reached XP level 8. HP: 40/41 MP: 15/15
  6303 | Ossuary  | Reached * piety under Vehumet
  6303 | Ossuary  | Offered knowledge of Magic Dart by Vehumet.
  6519 | Ossuary  | Noticed Menkaure
  6526 | Ossuary  | Killed Menkaure
  6838 | D:5      | Found a blossoming altar of Fedhas.
  7157 | D:5      | Reached skill level 8 in Earth Magic
  7774 | D:6      | Reached skill level 1 in Fighting
  7774 | D:6      | Reached skill level 1 in Armour
  7782 | D:6      | Reached skill level 1 in Maces & Flails
  7782 | D:6      | Noticed a yak
  7785 | D:6      | Killed a yak
  7786 | D:6      | Reached skill level 1 in Evocations
  7786 | D:6      | Reached XP level 9. HP: 47/47 MP: 16/17
  8037 | D:6      | Noticed Edmund
  8045 | D:6      | Killed Edmund
  8391 | D:6      | Found a runed translucent door.
  8392 | D:6      | Noticed Crazy Yiuf
  8396 | D:6      | Killed Crazy Yiuf
  9015 | D:6      | Found a burning altar of Makhleb.
  9023 | D:6      | Found a sacrificial altar of Ru.
  9706 | D:7      | Identified the +0 scale mail "Viganod" {+Blink +Inv rElec
                  | Dex-5}
  9718 | D:7      | Offered knowledge of Shock by Vehumet.
  9755 | D:7      | Reached ** piety under Vehumet
  9957 | D:7      | Noticed a wizard
  9999 | D:7      | Reached XP level 10. HP: 30/56 MP: 18/19
 10311 | D:7      | Found a white marble altar of Elyvilon.
 10369 | D:7      | Reached skill level 9 in Earth Magic
 10476 | D:7      | Cast into level 2 of the Abyss (a wizard)
 10553 | Abyss:2  | Mangled by a small abomination

Illustrated notes

Levels and vault maps discovered:
D:1:      scummos_arrival_star, layout_loops_cross,
          shapermc_ecumenical_altar_venn
D:2:      layout_basic, serial_shops, shop, chequers_serial_rivers_micro_c,
          minmay_vboxes
D:3:      minmay_diamond_boxcup, layout_basic, minmay_misc_feat_four_crosses,
          kennysheep_cross_bottleneck, uniq_ijyb, uniq_jessica
D:4:      layout_rooms, minitemple, minmay_temple_entry_hall, serial_shops,
          nicolae_shop_trees, kennysheep_small_square
D:5:      layout_loops_corners, kennysheep_little_box,
          nicolae_ossuary_entry_ruins
D:6:      layout_loops_corners, amethyst_overflow_temple_binary,
          minmay_diced_spiral, uniq_crazy_yiuf_cottage, uniq_edmund,
          uniq_menkaure
D:7:      cheibrodos_wizards_tower, layout_rooms, elyvilon_altar_1,
          serial_park_tiny_2
Temple:   jpeg_temple_island
Abyss:2:  base: D:4, evilmike_abyss_exit_3, evilmike_abyss_exit_3

Skill      XL: |  1  2  3  4  5  6  7  8  9 10 |
---------------+-------------------------------+-----
Earth Magic    | 4 5 6 7 8 9 |  9.0
Conjurations   | 1 2 4 5 6 7 |  7.1
Spellcasting   | 3 4 5 6 |  6.6
Fighting       | 1 3 |  3.6
Armour         | 1 3 |  3.8
Dodging        | 2 3 |  3.3
Maces & Flails | 1 3 |  3.5
Evocations     | 1 2 3 |  3.0
Stealth        | |  2.1
Transmutations | |  0.7

Action                   |  1- 3 |  4- 6 |  7- 9 | 10-12 || total
-------------------------+-------+-------+-------+-------++-------
Melee: Unarmed           |     7 |       |       |       ||     7
       Dagger            |    69 |   102 |       |       ||   171
       Short sword       |       |    27 |   214 |       ||   241
       Flail             |       |       |   151 |    26 ||   177
 Cast: Sandblast         |    27 |    37 |    26 |     6 ||    96
       Stone Arrow       |       |     9 |    33 |     6 ||    48
       Lee's Rapid Decon |       |       |     9 |       ||     9
Evoke: Wand              |       |       |     2 |       ||     2
  Use: Scroll            |       |     7 |    13 |     2 ||    22
 Stab: Sleeping          |     3 |     5 |     7 |       ||    15
       Distracted        |       |     1 |       |       ||     1
Armor: Robe              |    19 |    39 |   176 |    21 ||   255
Dodge: Dodged            |    42 |    71 |   237 |    26 ||   376

Table legend: (Time is in decaauts)
 A = Elapsed time spent in this place.
 B = Non-inter-level travel time spent in this place.
 C = Inter-level travel time spent in this place.
 D = Time resting spent in this place.
 E = Time spent auto-exploring this place.
 F = Levels seen in this place.
 G = Mean time per level.
                   A        B        C        D        E       F      G
               +--------+--------+--------+--------+--------+-----+--------+
         Total |  10581 |  10370 |    211 |    314 |   8400 |  10 | 1058.1 |
       Dungeon |   8762 |   8561 |    201 |    314 |   6982 |   7 | 1251.7 |
        Temple |    246 |    236 |     10 |      0 |    222 |   1 |  246.0 |
         Abyss |     77 |     77 |      0 |      0 |     29 |   1 |   77.0 |
       Ossuary |   1495 |   1495 |      0 |      0 |   1166 |   1 | 1495.0 |
               +--------+--------+--------+--------+--------+-----+--------+

Top non-repeatable levels by time:
     D:2: 1628 daAuts
     D:6: 1627 daAuts
 Ossuary: 1495 daAuts
     D:5: 1349 daAuts
     D:4: 1120 daAuts
     D:1: 1039 daAuts
     D:7: 1008 daAuts
     D:3: 988 daAuts
  Temple: 246 daAuts
 Abyss:2: 77 daAuts
